 Dungeon Crawl Stone Soup version 0.30.1 (webtiles) character file.

Game seed: 9832455422433423277

681 Graphine the Shooter (level 7, 0/63 HPs)
             Began as a Deep Elf Hunter on July 12, 2023.
             Slain by a gnoll
             ... wielding a +0 club
             ... led by a gnoll sergeant
              (5 damage)
             ... on level 5 of the Dungeon.
             The game lasted 00:08:56 (2907 turns).

Graphine the Shooter (Deep Elf Hunter)              Turns: 2907, Time: 00:08:56

Health: 0/63       AC: 23    Str:  8    XL:     7   Next: 34%
Magic:  9/9        EV:  2    Int: 16    God:
Gold:   168        SH:  0    Dex: 18    Spells: 6/6 levels left

rFire   + . .        a - +0 shortbow
rCold   . . .        (shield currently unavailable)
rNeg    . . .        c - melded +1 leather armour
rPois   +            (helmet currently unavailable)
rElec   .            (cloak currently unavailable)
rCorr   .            (gloves currently unavailable)
SInv    +            (boots currently unavailable)
Will    .....        i - amulet of the acrobat
Stlth   ++           k - ring of protection from fire
HPRegen 0.30/turn    o - ring of see invisible
MPRegen 0.11/turn

%: acrobat
@: tree-form
A: stationary, stasis, torment immunity, boosted hp
a: no special abilities


You were on level 5 of the Dungeon.
You were a tree.
You visited 1 branch of the dungeon, and saw 5 of its levels.

You collected 168 gold pieces.

Inventory:

Hand Weapons
 a - a +0 shortbow (weapon)
Armour
 c - a +1 leather armour (melded)
 p - the +8 chain mail "Itivael" {Harm rF- Int+5 Dex+3}
   (You found it on level 5 of the Dungeon)

   Int:       It affects your intelligence (+5).
   Dex:       It affects your dexterity (+3).
   rF:        It makes you vulnerable to fire.
   Harm:      It increases damage dealt and taken.
 s - a +1 ring mail of willpower
Magical Staves
 q - a staff of air
Jewellery
 i - an amulet of the acrobat (around neck)
 k - a ring of protection from fire (left branch)
 m - a ring of poison resistance
 o - a ring of see invisible (right branch)
Wands
 l - a wand of roots (10)
Scrolls
 b - a scroll of immolation
 e - 3 scrolls of enchant armour
 f - 2 scrolls of teleportation
 t - a scroll of fear
 u - a scroll of fog
 v - 2 scrolls of blinking
Potions
 d - a potion of lignification
 g - 3 potions of curing
 h - a potion of cancellation
 j - a potion of berserk rage
 n - a potion of ambrosia
 r - a potion of heal wounds {unknown}
 w - a potion of brilliance {unknown}
 x - a potion of might {unknown}


   Skills:
 + Level 3.8 Fighting
 + Level 7.8 Ranged Weapons
 - Level 2.0 Armour
 + Level 5.6 Dodging
 - Level 2.0 Stealth


You had 6 spell levels left.
You didn't know any spells.
Your spell library was empty.

Dungeon Overview and Level Annotations

Branches:
Dungeon (5/15)
 Temple: D:4-7

Altars:
Cheibriados
Dithmenos

Annotations:
D:5 1 runed translucent door


Message History

The gnoll sergeant is lightly wounded.
The gnoll hits you but does no damage.
The gnoll sergeant hits you from afar with a +0 spear!
* * * LOW HITPOINT WARNING * * *
The gnoll hits you but does no damage.
Fire: a) +0 shortbow
Press: ? - help, Q - select action, (/) - cycle Shift-Dir - straight line, f/p - gnoll sergeant
Aim: a gnoll sergeant, wielding a +0 spear and wearing a +0 ring mail (lightly wounded, 72% to hit)
You shoot an arrow.
The arrow hits the gnoll sergeant but does no damage.
The gnoll sergeant is lightly wounded.
The gnoll hits you but does no damage.
The gnoll sergeant hits you from afar with a +0 spear!
* * * LOW HITPOINT WARNING * * *
The gnoll hits you but does no damage.
Fire: a) +0 shortbow
Press: ? - help, Q - select action, (/) - cycle Shift-Dir - straight line, f/p - gnoll sergeant
Aim: a gnoll sergeant, wielding a +0 spear and wearing a +0 ring mail (lightly wounded, 72% to hit)
You shoot an arrow.
The arrow hits the gnoll sergeant but does no damage.
The gnoll sergeant is lightly wounded.
The gnoll hits you but does no damage. The gnoll hits you with a +0 club.
* * * LOW HITPOINT WARNING * * *
The gnoll sergeant hits you but does no damage.
Fire: a) +0 shortbow
Press: ? - help, Q - select action, (/) - cycle Shift-Dir - straight line, f/p - gnoll sergeant
Aim: a gnoll sergeant, wielding a +0 spear and wearing a +0 ring mail (lightly wounded, 72% to hit)
You shoot an arrow. The arrow hits the gnoll sergeant.
The gnoll sergeant is lightly wounded.
The gnoll hits you but does no damage.
The gnoll sergeant hits you but does no damage.
The gnoll hits you but does no damage.
Fire: a) +0 shortbow
Press: ? - help, Q - select action, (/) - cycle Shift-Dir - straight line, f/p - gnoll sergeant
Aim: a gnoll sergeant, wielding a +0 spear and wearing a +0 ring mail (lightly wounded, 72% to hit)
You shoot an arrow.
The arrow hits the gnoll sergeant but does no damage.
The gnoll sergeant is lightly wounded.
The gnoll hits you but does no damage. The gnoll hits you with a +0 club.
You die...

###..##....#.....^##..# ~~#
#....# #....##.......## ~~#
..###....###..............#w~~#
.........##.........##....#r~~#
.......)..#...............##+##
............##...#............
............##...###.......#
............#.....#........##...
#.........#.#..♣g..)...$.)).....
##.......##....g.g..........(...
#......[....................#..
..##........................# .
.. ##.........................
..##..................#..#...
#............................##.#
#.........#......)...##....#..#.#
#.........###........###...#...


You could see a gnoll sergeant and 2 gnolls.

Vanquished Creatures
  2 ice beasts (D:5)
  A black bear (D:4)
  An ogre (D:5)
  A scorpion (D:3)
  A jelly (D:4)
  A sleepcap (D:4)
  An iguana (D:5)
  7 gnolls
  3 adders (D:3)
  11 orcs
  5 ball pythons
  6 endoplasms
  4 giant cockroaches
  6 goblins
  10 hobgoblins
  3 jackals (D:2)
  7 kobolds
  A quokka (D:1)
  6 bats
  6 frilled lizards
  5 rats
88 creatures vanquished.

Notes
Turn   | Place    | Note
-------+----------+-------------------------------------------
     0 | D:1      | Graphine the Deep Elf Hunter began the quest for the Orb.
     0 | D:1      | Reached XP level 1. HP: 12/12 MP: 3/3
    96 | D:1      | Reached XP level 2. HP: 17/17 MP: 4/4
   221 | D:1      | Found a faded altar of an unknown god.
   460 | D:1      | Reached XP level 3. HP: 21/21 MP: 5/5
  1315 | D:3      | Reached skill level 6 in Ranged Weapons
  1430 | D:3      | Reached XP level 4. HP: 22/27 MP: 6/6
  1568 | D:3      | Noticed a scorpion
  1579 | D:3      | Killed a scorpion
  1590 | D:3      | Reached XP level 5. HP: 30/31 MP: 7/7
  2152 | D:4      | Found a snail-covered altar of Cheibriados.
  2157 | D:4      | Noticed a black bear
  2166 | D:4      | Killed a black bear
  2167 | D:4      | Reached skill level 1 in Armour
  2167 | D:4      | Reached XP level 6. HP: 22/37 MP: 8/8
  2450 | D:4      | Reached skill level 7 in Ranged Weapons
  2698 | D:5      | Entered Level 5 of the Dungeon
  2698 | D:5      | Found a shadowy altar of Dithmenos.
  2703 | D:5      | Identified the +8 chain mail "Itivael" {Harm rF- Int+5
                  | Dex+3}
  2737 | D:5      | Reached skill level 5 in Dodging
  2753 | D:5      | Noticed an ice beast
  2770 | D:5      | Killed an ice beast
  2771 | D:5      | Reached XP level 7. HP: 25/41 MP: 9/9
  2869 | D:5      | Found a runed translucent door.
  2907 | D:5      | Slain by a gnoll

Illustrated notes

Levels and vault maps discovered:
D:1:      nzn_arrival_depleted_hourglass, layout_rooms,
          hellmonk_ecumenical_altar_lost_god
D:2:      layout_basic, minmay_hexomino_u4
D:3:      layout_loops_ring, kennysheep_generic_room_3
D:4:      layout_cave_pools, lemuel_tele_altar
D:5:      layout_cave_pools, grunt_dithmenos_smoke, ebering_ghost_sewer_f,
          nicolae_fountain_basement

Skill      XL: |  1  2  3  4  5  6 |
---------------+-------------------+-----
Stealth        | 2 |  2.0
Fighting       | 2 3 |  3.8
Dodging        | 3 4 5 |  5.6
Ranged Weapons | 6 7 |  7.8
Armour         | 1 2 |  2.0

Action                     |  1- 3 |  4- 6 |  7- 9 || total
---------------------------+-------+-------+-------++-------
   Fire: Shortbow          |   115 |   144 |    23 ||   282
    Use: Scroll            |     9 |     3 |       ||    12
         Potion            |       |     2 |     2 ||     4
 Armour: Leather armour    |     5 |    12 |       ||    17
         Skin              |       |       |    12 ||    12
  Dodge: Dodged            |    13 |    66 |     5 ||    84
